 Dungeon Crawl Stone Soup version 0.21-a0-238-geb0acef (webtiles) character file.

9 Blomdor the Magician (level 2, 0/20 HPs)
             Began as a Barachi Wizard on Sept 2, 2017.
             Slain by a hobgoblin (3 damage)
             ... on level 1 of the Dungeon.
             The game lasted 00:00:49 (735 turns).

Blomdor the Magician (Barachi Wizard)                Turns: 735, Time: 00:00:50

Health: 0/20       AC:  2    Str:  8    XL:     2   Next: 16%
Magic:  6/6        EV: 12    Int: 18    God:
Gold:   8          SH:  0    Dex: 10    Spells: 6/7 levels left

rFire    . . .     SeeInvis .   e - +0 dagger
rCold    . . .     Gourm    .   (no shield)
rNeg     . . .     Faith    .   a - +0 robe
rPois    .         Spirit   .   b - +0 hat
rElec    .         Reflect  .   (no cloak)
rCorr    .         Harm     .   (no gloves)
MR       .....                  (no boots)
Stlth    ++........             (no amulet)
HPRegen  0.06/turn              (no ring)
MPRegen  0.10/turn              (no ring)

@: slow
A: +LOS, swims, slowness 1, strong legs 1
a: Hop


You were on level 1 of the Dungeon.
You were not hungry.

You visited 1 branch of the dungeon, and saw 1 of its levels.

You collected 8 gold pieces.

Inventory:

Hand Weapons
 e - a +0 dagger (weapon)
Armour
 a - a +0 robe (worn)
 b - a +0 hat (worn)
Books
 c - a book of Minor Magic

   Spells                             Type                      Level
   a - Magic Dart                     Conjuration                  1
   b - Blink                          Translocation                2
   c - Call Imp                       Summoning                    2
   d - Slow                           Hexes                        2
   e - Conjure Flame                  Conjuration/Fire             3
   f - Mephitic Cloud                 Conjuration/Poison/Air       3
Comestibles
 d - a bread ration
 f - 2 chunks of flesh


   Skills:
 + Level 0.5 Fighting
 + Level 1.0 Armour
 + Level 2.6 Dodging
 - Level 1.7 Stealth
 - Level 3.2 Spellcasting
 - Level 1.1 Conjurations
   Level 1.2 Summonings
   Level 1.1 Translocations


You had 6 spell levels left.
You knew the following spells:

 Your Spells              Type           Power        Failure   Level  Hunger
a - Magic Dart            Conj           #...         10%         1    None


Dungeon Overview and Level Annotations

Branches:
Dungeon (1/15)

Altars:


Innate Abilities, Weirdness & Mutations

Shadows flee at your approach. (+LOS)
You can swim through water.
You cover ground slowly.
You can hop short distances.


Message History

A hobgoblin comes into view.
A rat comes into view.
A kobold comes into view.
The kobold moves out of view.
The hobgoblin shouts!
You hit the goblin.
The goblin is severely wounded.
You hear a shout!
The goblin hits you with a dagger.
You completely miss the goblin.
The goblin is severely wounded.
The goblin hits you but does no damage. The hobgoblin hits you.
The goblin hits you with a dagger. The hobgoblin barely misses you.
You aren't carrying any potions.
You hit the hobgoblin but do no damage. The hobgoblin hits you.
* * * LOW HITPOINT WARNING * * *
You closely miss the hobgoblin. The hobgoblin hits you.
You die...

#.#.##.........#.# ##
#.#.##.......#.#.# ...
#.#.##...........#.....
#.#.##.................
###.#.##.........###....#
#†....##..##.#...........
########..##.............
######..####...........
........@grK...........
#.####..##g##..........
#.. #.####.#..###. #..
#.# ....... #.. ..#
.#...... ##. ... ........
#.##.. .. .###. #. #..
....# #. #... ... #


You could see a hobgoblin, a goblin, a kobold and a rat.

Vanquished Creatures
  A giant cockroach (D:1)
  3 goblins (D:1)
  2 bats (D:1)
  A kobold (D:1)
  4 rats (D:1)
11 creatures vanquished.

Notes
Turn   | Place    | Note
-------+----------+-------------------------------------------
     0 | D:1      | Blomdor the Barachi Wizard began the quest for the Orb.
     0 | D:1      | Reached XP level 1. HP: 13/13 MP: 4/4
   473 | D:1      | Reached skill level 1 in Armour
   539 | D:1      | Reached XP level 2. HP: 14/19 MP: 6/6
   735 | D:1      | Slain by a hobgoblin

Vault maps used:
D:1:      dpeg_arrival_subterranean_lakeside_camping

Skill      XL: |  1 |
---------------+----+-----
Armour         | 1 |  1.0
Fighting       | |  0.5
Dodging        | |  2.6
Stealth        | |  1.7
Spellcasting   | |  3.2
Conjurations   | |  1.1
Summonings     | |  1.2
Translocations | |  1.1

Action                   || total
-------------------------++-------
Melee: Dagger            ||    41
       Unarmed           ||    19
 Cast: Magic Dart        ||     3
 Stab: Sleeping          ||     2
Armor: Robe              ||    14
Dodge: Dodged            ||    43

Table legend:
 A = Spawn XP
 B = Non-spawn XP
 C = Spawn XP percentage of total XP
 D = Spawn monster count
 E = Non-spawn monster count
 F = Spawn count percentage of total count
 G = Total turns spent on level
                    A         B        C        D         E        F      G
               +---------+---------+-------+---------+---------+-------+---------
         Total |       0 |      14 |   0.0 |       0 |      11 |   0.0 |   735
               +---------+---------+-------+---------+---------+-------+---------
           D:1 |       0 |      14 |   0.0 |       0 |      11 |   0.0 |   735
               +---------+---------+-------+---------+---------+-------+---------
